 Dungeon Crawl Stone Soup version 0.23.2-1-ga50397a (webtiles) character file.

Game seed: 0

310 kokakoda the Chopper (level 6, -1/53 HPs)
             Began as a Minotaur Fighter on Mar 5, 2019.
             Was an Initiate of Gozag.
             Killed from afar by Pikel (13 damage)
             ... with a wand of acid (7)
             ... on level 4 of the Dungeon on May 5, 2019.
             The game lasted 00:27:29 (3072 turns).

kokakoda the Chopper (Minotaur Fighter)             Turns: 3072, Time: 00:27:30

Health: -1/53      AC:  7    Str: 21    XL:     6   Next: 18%
Magic:  5/5        EV:  8    Int:  6    God:    Gozag
Gold:   347        SH:  9    Dex: 10    Spells: 5/5 levels left

rFire    . . .     SeeInvis .   a - +0 war axe
rCold    . . .     Gourm    .   c - +0 shield
rNeg     . . .     Faith    .   b - +0 scale mail
rPois    .         Spirit   .   (helmet restricted)
rElec    .         Reflect  .   (no cloak)
rCorr    .         Harm     .   (no gloves)
MR       .....                  (no boots)
Stlth    ..........             (no amulet)
HPRegen  0.17/turn              (no ring)
MPRegen  0.09/turn              (no ring)

@: no status effects
A: retaliatory headbutt, horns 2
a: Potion Petition, Call Merchant, Bribe Branch, Renounce Religion


You were on level 4 of the Dungeon.
You worshipped Gozag.
Gozag was aware of your devotion.
You were not hungry.

You visited 1 branch of the dungeon, and saw 4 of its levels.

You collected 356 gold pieces.
You paid 9 gold pieces to Gozag.

Inventory:

Hand Weapons
 a - a +0 war axe (weapon)
 k - a +0 club
 l - a +0 whip
 w - a +0 spear
 A - a +0 short sword
 B - a +1 dagger of flaming
 D - a +0 flail
 E - a +0 club
 F - a +0 whip
 G - a +0 whip
 I - a +0 club
 J - a +0 whip
 L - a +0 club
 M - a +0 club
 N - a +0 falchion
 O - a +0 trident
 S - a +0 longbow
 X - a +0 giant spiked club
Missiles
 q - 2 needles of sleeping
 t - 6 tomahawks (quivered)
 x - 27 bolts
 y - 21 arrows
 T - 2 javelins
 W - 17 poisoned needles
Armour
 b - a +0 scale mail (worn)
 c - a +0 shield (worn)
 h - a +0 chain mail
 j - a +0 pair of gloves
 s - a +0 ring mail
 v - a +0 ring mail
 C - a cursed +0 robe
 H - a +0 ring mail
 P - a +0 chain mail
 Q - a +0 ring mail
 U - a +0 leather armour of poison resistance
 V - a +0 ring mail
 Y - a +0 scale mail
Scrolls
 o - 2 scrolls of teleportation {unknown}
 p - a scroll of amnesia {unknown}
 r - 3 scrolls of identify {unknown}
 u - a scroll of immolation {unknown}
 K - a scroll of remove curse {unknown}
 R - a scroll of fog {unknown}
Potions
 d - a potion of might
 e - a potion of flight {unknown}
 g - 2 potions of heal wounds {unknown}
 i - a potion of agility
 m - a potion of curing {unknown}
 n - a potion of cancellation {unknown}
 z - a potion of lignification {unknown}
Comestibles
 f - 5 rations


   Skills:
 + Level 4.4 Fighting
 + Level 5.3 Axes
 + Level 5.0 Armour
 + Level 0.6 Dodging
 + Level 0.9 Stealth
 + Level 4.8 Shields


You had 5 spell levels left.
You didn't know any spells.
Your spell library was empty.

Dungeon Overview and Level Annotations

Branches:
Dungeon (4/15)
 Temple: D:4-7

Altars:
Gozag
Vehumet

Shops:
D:4 !

Annotations:
D:4 Pikel


Innate Abilities, Weirdness & Mutations

You reflexively headbutt those who attack you in melee.
You have a pair of horns on your head.


Message History

Pikel is moderately wounded.
You block Pikel's attack.
You closely miss Pikel. You headbutt Pikel.
Pikel is moderately wounded.
Pikel says, "I just want to get paid!"
Pikel hits you with a +1 whip of electrocution.
You are electrocuted!
You slash Pikel!
Pikel is heavily wounded.
Pikel hits you with a +1 whip of electrocution.
You block Pikel's attack.
You miss Pikel.
Pikel is heavily wounded.
Pikel hits you with a +1 whip of electrocution.
You are electrocuted!!
* * * LOW HITPOINT WARNING * * *
Pikel says, "Slavery isn't that bad."
Pikel zaps a wand.
The bolt of acid hits you!
You die...
Your body crumbles into a pile of gold.

#p# ##.# ### #.p###
$ ##.. #p...#
#.#..#..#.#
#....#p...#
#.....K...#
.####.#.###########
.......@..........#
......#...........#
##.#..#..#........#
#... #...........#
.... #...........#
..## ##..........#
.. #...........#
#...........#
#...(.......#


You could see Pikel and 3 slaves.

Vanquished Creatures
  An ogre (D:4)
  2 orc priests (D:3)
  A hound skeleton (D:4)
  6 adders
  5 worms
  A dart slug (D:1)
  5 leopard geckos
  6 orcs (D:3)
  6 giant cockroaches
  8 goblins
  6 hobgoblins
  2 jackals (D:1)
  A quokka (D:2)
  6 bats
  6 frilled lizards
  6 kobolds
  8 rats
76 creatures vanquished.

Notes
Turn   | Place    | Note
-------+----------+-------------------------------------------
     0 | D:1      | kokakoda the Minotaur Fighter began the quest for the Orb.
     0 | D:1      | Reached XP level 1. HP: 19/19 MP: 0/0
   209 | D:1      | Reached XP level 2. HP: 27/27 MP: 1/1
  1156 | D:2      | Reached XP level 3. HP: 29/33 MP: 2/2
  1471 | D:2      | Reached XP level 4. HP: 28/40 MP: 3/3
  1614 | D:2      | Upgraded the game from 0.23.1 to 0.23.1-37-gaa34b87
  1697 | D:2      | Found an opulent altar of Gozag.
  1707 | D:2      | Became a worshipper of Gozag Ym Sagoz the Greedy
  1810 | D:3      | Reached XP level 5. HP: 11/46 MP: 4/4
  2340 | D:3      | Upgraded the game from 0.23.1-37-gaa34b87 to
                  | 0.23.2-1-ga50397a
  2385 | D:3      | Found a radiant altar of Vehumet.
  2973 | D:4      | Found Sekhlaptixo's Distillery.
  2994 | D:4      | Noticed an ogre
  2999 | D:4      | Killed an ogre
  2999 | D:4      | Reached skill level 5 in Axes
  2999 | D:4      | Reached skill level 5 in Armour
  2999 | D:4      | Reached XP level 6. HP: 41/53 MP: 5/5
  3052 | D:4      | Noticed Pikel
  3052 | D:4      | Noticed a slave
  3052 | D:4      | Noticed a slave
  3056 | D:4      | Noticed a slave
  3057 | D:4      | Noticed a slave
  3072 | D:4      | Killed from afar by Pikel

Skill      XL: |  1  2  3  4  5 |
---------------+----------------+-----
Fighting       | 4 |  4.4
Shields        | 4 |  4.8
Armour         | 4 5 |  5.0
Axes           | 3 5 |  5.3
Dodging        | |  0.6
Stealth        | |  0.9

Action                   |  1- 3 |  4- 6 || total
-------------------------+-------+-------++-------
Melee: War axe           |    98 |    92 ||   190
       Headbutt          |    17 |    13 ||    30
  Eat: Ration            |       |     2 ||     2
Armor: Scale mail        |    41 |    29 ||    70
Dodge: Dodged            |    31 |    15 ||    46
Block: Shield            |    46 |    42 ||    88
